 Dungeon Crawl Stone Soup version 0.30-a0-782-ge64f9170bb (webtiles) character file.

Game seed: 1464615890690241464

7871 HoaS the Marksgargoyle (level 11, -4/57 HPs)
             Began as a Gargoyle Hunter on Feb 18, 2023.
             Was an Elder of Zin.
             Slain by a five-headed hydra (7 damage)
             ... on level 1 of the Lair of Beasts.
             The game lasted 00:26:04 (9020 turns).

HoaS the Marksgargoyle (Gargoyle Hunter)            Turns: 9020, Time: 00:26:05

Health: -4/57      AC: 19    Str: 15    XL:     11   Next: 22%
Magic:  14/14      EV: 12    Int: 10    God:    Zin [****..]
Gold:   80         SH:  0    Dex: 17    Spells: 10/10 levels left

rFire   + . .      SeeInvis .    p - +1 arbalest
rCold   + . .      Faith    .    (shield currently unavailable)
rNeg    + . .      Spirit   .    d - +0 steam dragon scales
rPois   ∞          Reflect  .    (no helmet)
rElec   +          Harm     .    m - +2 cloak
rCorr   .          Rampage  .    i - +2 pair of gloves
Will    .....                    (no boots)
Stlth   ++                       (no amulet)
HPRegen 0.29/turn                a - ring of protection from cold
MPRegen 0.14/turn                k - ring of protection from fire

@: no status effects
A: sickness immunity, AC +8, negative energy resistance 1, electricity
resistance, torment resistance 1, petrification resistance
a: Renounce Religion, Recite, Vitalisation, Imprison, Donate Gold


You were on level 1 of the Lair of Beasts.
You worshipped Zin.
Zin was greatly pleased with you.
You visited 3 branches of the dungeon, and saw 12 of its levels.
You also visited: Sewer.

You collected 226 gold pieces.
You spent 97 gold pieces at shops.
You donated 49 gold pieces to Zin.

Inventory:

Hand Weapons
 p - a +1 arbalest (weapon)
Armour
 d - +0 steam dragon scales (worn)
 i - a +2 pair of gloves (worn)
 m - a +2 cloak (worn)
Jewellery
 a - a ring of protection from cold (left hand)
 g - a ring of magical power
 k - a ring of protection from fire (right hand)
 q - a ring of flight
 r - a ring of resist corrosion
Scrolls
 b - 3 scrolls of immolation
 c - a scroll of fog
 l - 2 scrolls of teleportation
 o - a scroll of blinking
 y - a scroll of magic mapping {unknown}
Potions
 e - a potion of mutation
 f - 2 potions of attraction
 j - a potion of flight
 s - a potion of haste {unknown}
 t - 2 potions of curing {unknown}
 u - a potion of brilliance {unknown}
 v - 2 potions of resistance
 w - a potion of magic {unknown}
 x - a potion of cancellation {unknown}


   Skills:
 - Level 2.1 Fighting
 * Level 16.5 Ranged Weapons
 - Level 1.5 Dodging
 - Level 1.1 Stealth
 - Level 5.0 Invocations


You had 10 spell levels left.
You didn't know any spells.
Your spell library contained the following spells:

 Spells                   Type           Power      Damage    Failure   Level
 Foxfire                  Conj/Fire      0%         2x1d4     36%         1
 Blink                    Tloc           0%         N/A       50%         2
 Lesser Beckoning         Tloc           0%         N/A       50%         2
 Momentum Strike          Conj/Tloc      0%         3d8       50%         2
 Scorch                   Fire           0%         2d5       50%         2
 Call Canine Familiar     Summ           0%         N/A       75%         3
 Dazzling Flash           Conj/Hex       0%         N/A       75%         3
 Gell's Gravitas          Tloc           0%         N/A       75%         3
 Ozocubu's Armour         Ice            0%         N/A       75%         3
 Portal Projectile        Hex/Tloc       0%         N/A       75%         3
 Teleport Other           Tloc           0%         N/A       75%         3
 Flame Wave               Conj/Fire      0%         2d4       98%         4
 Leda's Liquefaction      Hex/Erth       0%         N/A       98%         4
 Agony                    Necr           0%         N/A       100%        5
 Fireball                 Conj/Fire      0%         3d3       100%        5
 Silence                  Hex/Air        0%         N/A       100%        5
 Dispersal                Tloc           0%         N/A       100%        6
 Starburst                Conj/Fire      0%         6d3       100%        6
 Summon Cactus Giant      Summ           0%         N/A       100%        6
 Ozocubu's Refrigeration  Ice            0%         4d7       100%        7


Dungeon Overview and Level Annotations

Branches:
Dungeon (9/15)             Temple (1/1) D:4            Lair (2/5) D:8
    Orc (0/2) D:9           Sewer (visited)
  Swamp: Lair:2-3    Shoals: Lair:2-3     Snake: Lair:2-3    Spider: Lair:2-3

Altars:
Ashenzari
Cheibriados
Dithmenos
Elyvilon
Fedhas
Gozag
Hepliaklqana
Kikubaaqudgha
Makhleb
Nemelex Xobeh
Okawaru
Qazlal
Ru
Sif Muna
Trog
Uskayaw
Vehumet
Wu Jian
Xom
Yredelemnul
Zin
The Shining One

Shops:
D:4 *   D:8 (

Annotations:
D:9 Maurice


Innate Abilities, Weirdness & Mutations

You are immune to sickness and miasma.
Your stone body is resilient. (AC +8)
You are immune to poison.
You resist negative energy. (rN+)
You are resistant to electric shocks. (rElec)
You are resistant to unholy torment.
You are immune to petrification.


Message History

Moving in this stuff is going to be slow.
There is a stone staircase leading down here.
You climb downwards.
There is a stone staircase leading up here.
A boulder beetle is nearby!
You shoot a bolt. The bolt hits the boulder beetle!!
The boulder beetle is moderately wounded.
A five-headed hydra comes into view.
You shoot a bolt. The five-headed hydra roars!
The bolt hits the five-headed hydra!!
The five-headed hydra is moderately wounded.
The five-headed hydra misses you.
The five-headed hydra bites you but does no damage. x2
The five-headed hydra bites you!
The five-headed hydra bites you but does no damage.
You climb upwards.
There is a stone staircase leading down here.
You shoot a bolt. The bolt hits the five-headed hydra!!
The five-headed hydra is heavily wounded.
The five-headed hydra closely misses you.
The five-headed hydra bites you.
The five-headed hydra bites you but does no damage. x2
The five-headed hydra bites you!
You shoot a bolt. The bolt hits the five-headed hydra!
The five-headed hydra is severely wounded.
The five-headed hydra closely misses you.
The five-headed hydra barely misses you.
The five-headed hydra bites you. The five-headed hydra bites you!
The five-headed hydra bites you but does no damage.
You shoot a bolt. The bolt hits the five-headed hydra!
The five-headed hydra is almost dead.
The five-headed hydra bites you but does no damage.
The five-headed hydra bites you!
* * * LOW HITPOINT WARNING * * *
The five-headed hydra bites you.
* * * LOW HITPOINT WARNING * * *
The five-headed hydra bites you but does no damage.
The five-headed hydra bites you!
You die...

...............#...............#.
............>..#...##..........#)
...............#...###.##....###.
.............................###.
...............#.................
.######........#.....##..........
## ##.............##.#....###.
#............###.#....# #.
#........@...##.......# #.
###.......#D#..#P...##..# #.
###.#.......###..##....#### ##
####..........#.##..P#....#### #
#...................##...#.#P####
..............)..................
.#.##.(.......#..................
##.##.....~~~~#............#P##.P
##..#.....~≈≈~~~#...##....#####P~


You could see a five-headed hydra.

Vanquished Creatures
  Joseph (D:9)
  An elephant (D:8)
  Maggie (D:7)
  A komodo dragon (Lair:1)
  Prince Ribbit (D:7)
  Grinder (D:5)
  2 wyverns (D:8)
  11 yaks
  A basilisk (D:8)
  A steam dragon (D:8)
  Menkaure (D:4)
  4 vampire mosquitoes (D:8)
  5 orc warriors
  A sky beast (D:8)
  3 black bears
  2 centaurs
  2 phantoms
  4 kobold brigands
  5 bullfrogs
  A scorpion (D:4)
  A gnoll sergeant (D:5)
  4 wights (D:9)
  6 killer bees (D:8)
  2 electric eels (D:9)
  3 hounds (D:5)
  A gnoll bouda (D:9)
  6 orc priests
  2 jellies
  Crazy Yiuf (D:2)
  5 iguanas
  Ijyb (D:3)
  Natasha (thrice) (D:4)
  10 orc wizards
  9 gnolls
  A river rat (Sewer)
  9 adders
  A shadow imp (D:7)
  3 white imps (D:6)
  2 ufetubi
  A worm (Sewer)
  2 dart slugs
  31 orcs
  12 ball pythons
  12 endoplasms
  7 giant cockroaches
  5 goblins
  5 hobgoblins
  2 jackals (D:1)
  4 quokkas
  6 bats
  12 frilled lizards
  21 kobolds
  6 rats
245 creatures vanquished.

Vanquished Creatures (others)
  6 plants (D:1)
6 creatures vanquished.

Grand Total: 251 creatures vanquished

Notes
Turn   | Place    | Note
-------+----------+-------------------------------------------
     0 | D:1      | HoaS the Gargoyle Hunter began the quest for the Orb.
     0 | D:1      | Reached XP level 1. HP: 12/12 MP: 1/1
   103 | D:1      | Reached XP level 2. HP: 17/17 MP: 2/2
   358 | D:1      | Reached XP level 3. HP: 21/21 MP: 3/3
   369 | D:1      | Found a faded altar of an unknown god.
   400 | D:1      | Reached skill level 5 in Ranged Weapons
  1037 | D:2      | Found a runed translucent door.
  1038 | D:2      | Noticed Crazy Yiuf
  1487 | D:2      | Reached XP level 4. HP: 20/26 MP: 4/4
  2108 | D:3      | Found an ancient bone altar of Kikubaaqudgha.
  2120 | D:3      | Reached skill level 6 in Ranged Weapons
  2190 | D:3      | Reached XP level 5. HP: 27/30 MP: 5/5
  2275 | D:3      | Found a bloodstained altar of Trog.
  2284 | D:3      | Found a blossoming altar of Fedhas.
  2327 | D:3      | Found a stormy altar of Qazlal.
  2465 | D:2      | Killed Crazy Yiuf
  2526 | D:4      | Noticed Ijyb
  2563 | D:3      | Killed Ijyb
  2605 | D:4      | Noticed Natasha
  2612 | D:4      | Killed Natasha
  2616 | D:4      | Found Niull's Assorted Antiques.
  2633 | D:4      | Noticed Natasha
  2640 | D:4      | Killed Natasha
  2641 | D:4      | Reached skill level 7 in Ranged Weapons
  2641 | D:4      | Reached XP level 6. HP: 28/35 MP: 6/6
  2841 | D:4      | Noticed Menkaure
  2845 | D:4      | Killed Menkaure
  2846 | D:4      | Reached skill level 8 in Ranged Weapons
  2846 | D:4      | Reached XP level 7. HP: 34/40 MP: 7/7
  2925 | D:4      | Noticed Natasha
  2928 | D:4      | Killed Natasha
  3021 | D:4      | Found a staircase to the Ecumenical Temple.
  3028 | Temple   | Entered the Ecumenical Temple
  3262 | Temple   | Became a worshipper of Zin the Law-Giver
  3262 | Temple   | Reached * piety under Zin
  3409 | D:5      | Entered Level 5 of the Dungeon
  3448 | D:5      | Reached skill level 1 in Invocations
  3478 | D:5      | Reached ** piety under Zin
  3485 | D:5      | Noticed Grinder
  3497 | D:5      | Killed Grinder
  3498 | D:5      | Reached skill level 9 in Ranged Weapons
  3585 | D:5      | Reached XP level 8. HP: 44/44 MP: 8/10
  4019 | D:5      | Identified the +3 dagger of Sunlight {heavy, Will++ MP+9
                  | Dex+2}
  4095 | D:5      | Reached skill level 10 in Ranged Weapons
  4314 | D:6      | Found a glowing drain.
  4319 | Sewer    | Entered a sewer
  4681 | D:6      | Reached skill level 11 in Ranged Weapons
  4765 | D:6      | Identified the +1 short sword "Ecoibat" {freeze, rC++ MP+9}
  5047 | D:6      | Reached XP level 9. HP: 48/48 MP: 12/12
  5261 | D:7      | Noticed Maggie
  5277 | D:7      | Killed Maggie
  5513 | D:6      | Reached skill level 12 in Ranged Weapons
  5588 | D:7      | Noticed Prince Ribbit
  5608 | D:7      | Killed Prince Ribbit
  6275 | D:8      | Found Wuhilo's Weapon Shop.
  6282 | D:8      | Bought a +0 longbow for 97 gold pieces
  6319 | D:8      | Reached skill level 13 in Ranged Weapons
  6326 | D:8      | Reached skill level 5 in Invocations
  6328 | D:8      | Reached XP level 10. HP: 32/53 MP: 13/13
  6412 | D:8      | Reached *** piety under Zin
  6450 | D:8      | Reached skill level 14 in Ranged Weapons
  6601 | D:8      | Noticed an elephant
  6645 | D:8      | Killed an elephant
  6662 | D:8      | Found a staircase to the Lair.
  7060 | D:9      | Reached skill level 15 in Ranged Weapons
  7298 | D:9      | Found a staircase to the Orcish Mines.
  7391 | D:9      | Noticed Joseph
  7411 | D:9      | Killed Joseph
  7713 | D:9      | Found a flagged portal.
  7748 | D:9      | Noticed Maurice
  8004 | D:9      | Reached XP level 11. HP: 56/57 MP: 14/14
  8033 | Lair:1   | Entered Level 1 of the Lair of Beasts
  8043 | Lair:1   | Identified the +2 war axe of the Thing {flame, rElec}
  8055 | Lair:1   | Reached **** piety under Zin
  8184 | Lair:1   | Reached skill level 16 in Ranged Weapons
  9013 | Lair:2   | Noticed a boulder beetle
  9014 | Lair:2   | Noticed a five-headed hydra
  9020 | Lair:1   | Slain by a five-headed hydra

Illustrated notes

Levels and vault maps discovered:
D:1:      erik_arrival_triangle_small, layout_basic, basic_ecumenical_altar,
          minmay_lizard_king
D:2:      layout_loops_corners, uniq_crazy_yiuf_cottage
D:3:      layout_rooms, nicolae_overflow_quartered_altars, interstate_on_off,
          kennysheep_big_empty_room, minmay_fractal_squares_gapless_5
D:4:      layout_rooms, minmay_temple_entry_wispy, serial_shops, shop,
          uniq_ijyb, uniq_menkaure, uniq_natasha
D:5:      layout_basic, uniq_grinder
D:6:      layout_basic, gup_sewer_entry_bowl, chequers_hall_statues_wall_a
D:7:      layout_loops_cross, kennysheep_generic_room_14, uniq_prince_ribbit1,
          uniq_maggie
D:8:      layout_rooms, david_lair_generic, serial_shops,
          nicolae_shop_bloodbath_and_beyond
D:9:      layout_layer_cave, erik_orc_2, enter_bailey_6,
          hangedman_abyss_or_decor_stagger, minmay_misc_feat_encased,
          dk_noncrumbling_3, eino_house_with_fridge, uniq_maurice, uniq_joseph
Temple:   mainiacjoe_temple_bowtie_tessellation
Lair:1:   wander_river, layout_gridlike
Lair:2:   layout_roguey [special_room_bee], ebering_ghost_reflecting_pool,
          grunt_megastairs_5

Skill      XL: |  1  2  3  4  5  6  7  8  9 10 11 |
---------------+----------------------------------+-----
Ranged Weapons | 5 6 7 8 9 11 13 15 16 | 16.5
Invocations    | 2 4 5 |  5.0
Fighting       | |  2.1
Dodging        | |  1.5
Stealth        | |  1.1

Action                     |  1- 3 |  4- 6 |  7- 9 | 10-12 || total
---------------------------+-------+-------+-------+-------++-------
  Melee: Shortbow          |       |     8 |       |       ||     8
   Fire: Shortbow          |   140 |   138 |       |       ||   278
         Arbalest          |       |    19 |   276 |   311 ||   606
  Evoke: Wand              |       |       |     1 |       ||     1
    Use: Scroll            |     6 |     3 |    10 |     3 ||    22
         Potion            |       |     1 |     3 |     1 ||     5
 Armour: Leather armour    |    31 |    49 |    38 |       ||   118
         Steam dragon scal |       |       |    25 |    91 ||   116
  Dodge: Dodged            |    51 |    51 |    80 |   108 ||   290

Table legend: (Time is in decaauts)
 A = Elapsed time spent in this place.
 B = Non-inter-level travel time spent in this place.
 C = Inter-level travel time spent in this place.
 D = Time resting spent in this place.
 E = Time spent auto-exploring this place.
 F = Levels seen in this place.
 G = Mean time per level.
                   A        B        C        D        E       F      G
               +--------+--------+--------+--------+--------+-----+--------+
         Total |   9360 |   8902 |    458 |   1698 |   5350 |  13 |  720.0 |
       Dungeon |   7735 |   7354 |    381 |   1390 |   4314 |   9 |  859.4 |
        Temple |    261 |    226 |     35 |      0 |    204 |   1 |  261.0 |
          Lair |   1003 |    961 |     42 |    308 |    569 |   2 |  501.5 |
         Sewer |    359 |    359 |      0 |      0 |    262 |   1 |  359.0 |
               +--------+--------+--------+--------+--------+-----+--------+

Top non-repeatable levels by time:
     D:2: 1060 daAuts
     D:6: 1039 daAuts
  Lair:1: 999 daAuts
     D:9: 986 daAuts
     D:8: 887 daAuts
     D:3: 803 daAuts
     D:1: 793 daAuts
     D:7: 788 daAuts
     D:4: 713 daAuts
     D:5: 662 daAuts
   Sewer: 359 daAuts
  Temple: 261 daAuts
  Lair:2: 4 daAuts
